 Dungeon Crawl Stone Soup version 0.24.0-13-gcf9b319 (webtiles) character file.

Game seed: 13561963334010956802, levelgen mode: deterministic

17549 Fortress the Severer (level 12, 0/106 HPs)
             Began as a Deep Dwarf Fighter on Jan 28, 2020.
             Was the Champion of Makhleb.
             Slain by an orc warrior
             ... wielding a +0 trident
              (16 damage)
             ... on level 2 of the Orcish Mines.
             The game lasted 01:06:41 (10275 turns).

Fortress the Severer (Deep Dwarf Fighter)          Turns: 10275, Time: 01:06:41

Health: 0/106      AC: 19    Str: 26    XL:     12   Next: 19%
Magic:  7/14       EV:  7    Int:  8    God:    Makhleb [******]
Gold:   1151       SH: 16    Dex: 12    Spells: 11/11 levels left

rFire    . . .     SeeInvis +   S - +1 broad axe (flame)
rCold    . . .     Gourm    .   c - +0 shield
rNeg     . . .     Faith    .   u - +1 chain mail {rPois}
rPois    +         Spirit   .   R - +1 hat {SInv}
rElec    .         Reflect  +   T - +2 cloak
rCorr    +         Harm     .   (no gloves)
MR       +....                  M - +2 pair of boots of the Assassin {Detection Stab+ Stlth++}
Stlth    ..........             j - +4 amulet of reflection
HPRegen  0.00/turn              a - ring of resist corrosion
MPRegen  0.14/turn              N - ring of poison resistance

@: marked, non-regenerating
A: damage resistance, heal wounds, sense surroundings 2, no regeneration
a: Heal Wounds, Minor Destruction, Lesser Servant of Makhleb, Major Destruction,
Greater Servant of Makhleb, Renounce Religion


You were on level 2 of the Orcish Mines.
You worshipped Makhleb.
Makhleb was exalted by your worship.
You were hungry.

You visited 3 branches of the dungeon, and saw 15 of its levels.
You also visited: Ossuary.

You collected 1483 gold pieces.
You spent 332 gold pieces at shops.

Inventory:

Hand Weapons
 A - a +1 flail of crushing
 C - a +2 flail of protection
 S - a +1 broad axe of flaming (weapon)
Missiles
 v - 10 atropa-tipped darts (quivered)
 L - 35 poisoned darts
Armour
 c - a +0 shield (worn)
 u - a +1 chain mail of poison resistance (worn)
 M - the +2 pair of boots of the Assassin (worn) {Detection Stab+ Stlth++}
   (You found it on level 9 of the Dungeon)

   It makes you much more stealthy.
 R - a +1 hat of see invisible (worn)
 T - a +2 cloak (worn)
Jewellery
 a - a ring of resist corrosion (left hand)
 j - a +4 amulet of reflection (around neck)
 N - a ring of poison resistance (right hand)
Wands
 r - a wand of iceblast (22)
 B - a wand of digging (8)
 O - a wand of flame (32)
 P - a wand of enslavement (10)
 U - a wand of disintegration (14)
Scrolls
 b - 3 scrolls of immolation
 g - a scroll of brand weapon {unknown}
 h - 4 scrolls of identify
 k - 5 scrolls of teleportation
 l - 2 scrolls of blinking
 x - 4 scrolls of enchant weapon {unknown}
 y - 4 scrolls of magic mapping
 z - 5 scrolls of remove curse
 D - 2 scrolls of fear
 E - 2 scrolls of fog
 G - 2 scrolls of random uselessness {unknown}
 I - 2 scrolls of amnesia
 J - 3 scrolls of enchant armour
 K - a scroll of acquirement {unknown}
 Q - a scroll of torment {unknown}
Potions
 d - a potion of might
 e - 3 potions of flight
 m - 2 potions of invisibility
 n - a potion of lignification
 o - a potion of brilliance
 p - 2 potions of cancellation
 q - 4 potions of curing
 s - a potion of resistance
 t - 2 potions of berserk rage
 w - 6 potions of haste
 F - 2 potions of agility
 H - 3 potions of ambrosia
 V - a potion of heal wounds
Comestibles
 f - 25 rations


   Skills:
 - Level 6.7 Fighting
 + Level 16.2 Axes
 - Level 7.7 Armour
 - Level 8.3 Shields
 * Level 7.1 Invocations


You had 11 spell levels left.
You didn't know any spells.
Your spell library contained the following spells:

 Spells                   Type           Power        Failure   Level  Hunger
 Magic Dart               Conj           #...         99%         1    ##.....
 Blink                    Tloc           N/A          100%        2    ###....
 Call Imp                 Summ           #.......     100%        2    ###....
 Slow                     Hex            #.......     100%        2    ###....
 Conjure Flame            Conj/Fire      #.......     100%        3    ####...
 Mephitic Cloud           Conj/Pois/Air  #.......     100%        3    ####...


Dungeon Overview and Level Annotations

Branches:
Dungeon (12/15)            Temple (1/1) D:4            Lair (0/6) D:8
    Orc (2/2) D:12        Ossuary (visited)
    Elf: Orc:2

Altars:
Ashenzari
Cheibriados
Dithmenos
Elyvilon
Fedhas
Gozag
Hepliaklqana
Kikubaaqudgha
Makhleb
Nemelex Xobeh
Okawaru
Qazlal
Ru
Sif Muna
Trog
Uskayaw
Vehumet
Wu Jian
Xom
Yredelemnul
Zin
The Shining One
Beogh

Shops:
D:6 ?   D:7 (   D:11 *

Annotations:
D:9 2 runed translucent doors


Innate Abilities, Weirdness & Mutations

You are resistant to damage.
You can heal yourself by infusing magical energy.
You passively map the area around you.
You do not regenerate.


Message History

The ufetubus hits you but does no damage.
The orc warrior hits you with a +0 flail!!
* * * LOW HITPOINT WARNING * * *
The orc high priest hits you with a +1 antimagic halberd!
* * * LOW HITPOINT WARNING * * *
You feel your power leaking away.
An orc comes into view.
You block the orc warrior's attack. You block the ufetubus's attack.
The ufetubus hits you but does no damage. x3
You block the orange demon's attack.
The ynoxinul hits you but does no damage.
The orc high priest hits you with a +1 antimagic halberd!
* * * LOW HITPOINT WARNING * * *
You feel your power leaking away.
The ufetubus hits you but does no damage.
The ufetubus closely misses you. You block the ufetubus's attack.
The ufetubus hits you but does no damage.
The orc warrior hits you from afar with a +0 trident!!
You die...

* , , , , ,, ,
#..........#**** *,,
....$......# * * **
#..........#∩ , ,
#.#........#,8, * *
,#..........#### , *
#..........o.oo , ,
#'#.....5o4..#* ** ,, ,
......))@o3..##* , * ,
###.#).53oo$.#. , *
###o...o....* * *##
##..##..... *
*##.###...###.#.# ###
#...#.....###o..# ##.#
#.........#.o...# ##...
##...###.##..o...##...#
##....#####*#.....#.....


You could see an orc high priest, an orange demon, a smoke demon, a ynoxinul, 5
orc warriors, an orc priest, an orc wizard, an orc and 2 ufetubi.

Vanquished Creatures
  A two-headed ogre (D:9)
  Nergalle (D:12)
  4 skeletal warriors (D:12)
  An unseen horror (D:11)
  An orc knight (Orc:2)
  3 orc sorcerers
  Psyche (D:11)
  A komodo dragon (D:8)
  4 trolls
  Prince Ribbit (D:9)
  4 hippogriffs
  Sigmund (D:2)
  A wyvern (D:11)
  3 yaks (D:9)
  A wraith (D:10)
  Menkaure (D:5)
  A warg (Orc:2)
  2 water moccasins (D:12)
  2 ice beasts
  13 orc warriors
  5 sky beasts
  2 black bears
  A necrophage (D:9)
  3 phantoms (D:9)
  11 ogres
  5 centaurs
  6 big kobolds
  8 bullfrogs
  2 wyvern skeletons
  2 scorpions (D:9)
  5 killer bees (D:9)
  14 wights
  2 howler monkeys
  2 crimson imps
  4 centaur zombies (Ossuary)
  3 jellies
  A quasit (D:12)
  9 hounds
  2 human zombies (Ossuary)
  A bullfrog zombie (D:8)
  9 orc priests
  A bullfrog skeleton (D:9)
  2 centaur skeletons
  An iguana (D:6)
  10 orc wizards
  9 worker ants
  A killer bee zombie (D:8)
  A big kobold zombie (Ossuary)
  A hound zombie (D:6)
  A hound skeleton (D:6)
  2 mummies (Ossuary)
  A howler monkey zombie (D:8)
  3 worker ant zombies
  A gnoll (D:1)
  9 adders
  4 shadow imps
  2 oozes (D:1)
  2 adder zombies
  An adder skeleton (D:7)
  4 worms
  A dart slug (D:3)
  8 leopard geckos
  61 orcs
  3 giant cockroaches
  14 hobgoblins
  16 jackals
  37 kobolds
  5 quokkas
  2 ball pythons
  7 bats
  4 frilled lizards
  A giant cockroach zombie (D:5)
  13 goblins
  A goblin zombie (Ossuary)
  9 hobgoblin zombies (Ossuary)
  3 jackal zombies
  10 kobold zombies (Ossuary)
  A leopard gecko skeleton (D:2)
  8 orc zombies (Ossuary)
  5 rats
  A spectral orc (D:8)
410 creatures vanquished.

Vanquished Creatures (collateral kills)
  A manticore (D:9)
  An ice beast (D:9)
2 creatures vanquished.

Vanquished Creatures (others)
  6 plants (D:8)
6 creatures vanquished.

Grand Total: 418 creatures vanquished

Notes
Turn   | Place    | Note
-------+----------+-------------------------------------------
     0 | D:1      | Fortress the Deep Dwarf Fighter began the quest for the
                  | Orb.
     0 | D:1      | Reached XP level 1. HP: 20/20 MP: 1/1
   242 | D:1      | Reached XP level 2. HP: 2/27 MP: 2/2
   341 | D:1      | Reached skill level 3 in Axes
   341 | D:1      | Reached XP level 3. HP: 27/34 MP: 3/3
   725 | D:2      | Noticed Sigmund
   739 | D:2      | Killed Sigmund
   739 | D:2      | Reached skill level 4 in Axes
   739 | D:2      | Reached XP level 4. HP: 17/42 MP: 4/4
   739 | D:2      | Reached XP level 5. HP: 20/49 MP: 5/5
   902 | D:2      | Reached skill level 5 in Axes
   934 | D:2      | Reached XP level 6. HP: 28/56 MP: 5/5
  1068 | D:2      | Found a glowing silver altar of Zin.
  1068 | D:2      | Found a burning altar of Makhleb.
  1069 | D:2      | Noticed a balrug
  1069 | D:2      | Noticed an angel
  1074 | D:2      | Became a worshipper of Makhleb the Destroyer
  2224 | D:3      | Found an ancient bone altar of Kikubaaqudgha.
  2233 | D:3      | Found a shimmering blue altar of Sif Muna.
  2332 | D:4      | Found a sand-covered staircase.
  2379 | Ossuary  | Entered an ossuary
  2394 | Ossuary  | Reached * piety under Makhleb
  2510 | Ossuary  | Reached skill level 6 in Axes
  2510 | Ossuary  | Reached XP level 7. HP: 34/63 MP: 6/6
  2518 | Ossuary  | Reached ** piety under Makhleb
  2544 | Ossuary  | Reached skill level 5 in Shields
  2654 | D:4      | Found a staircase to the Ecumenical Temple.
  2661 | Temple   | Entered the Ecumenical Temple
  3864 | D:5      | Entered Level 5 of the Dungeon
  3909 | D:5      | Noticed Menkaure
  3928 | D:5      | Killed Menkaure
  3928 | D:5      | Reached skill level 7 in Axes
  3928 | D:5      | Reached skill level 5 in Armour
  4119 | D:5      | Reached XP level 8. HP: 40/72 MP: 5/5
  4213 | D:5      | Found a shimmering altar of Xom.
  4370 | D:5      | Reached skill level 8 in Axes
  4447 | D:5      | Found a hazy altar of Hepliaklqana.
  4503 | D:6      | Found Irun's Magic Scroll Shoppe.
  4508 | D:6      | Bought a scroll of magic mapping for 52 gold pieces
  4508 | D:6      | Bought a scroll of fear for 52 gold pieces
  4508 | D:6      | Bought a scroll of fog for 30 gold pieces
  4524 | D:6      | Reached *** piety under Makhleb
  4571 | D:6      | Found an iron altar of Okawaru.
  4593 | D:6      | Reached skill level 9 in Axes
  4822 | D:6      | Reached skill level 5 in Fighting
  4841 | D:6      | Gained mutation: You passively map the area around you.
                  | [Deep Dwarf growth]
  4841 | D:6      | Reached XP level 9. HP: 81/81 MP: 6/6
  5376 | D:7      | Found Uhoinij's Antique Weapon Boutique.
  5404 | D:7      | Reached skill level 10 in Axes
  5405 | D:7      | Reached **** piety under Makhleb
  5493 | D:7      | Found a sacrificial altar of Ru.
  5888 | D:8      | Found a basalt altar of Yredelemnul.
  6209 | D:8      | Reached skill level 11 in Axes
  6227 | D:8      | Found a staircase to the Lair.
  6234 | D:8      | Noticed a komodo dragon
  6531 | D:8      | Killed a komodo dragon
  6593 | D:9      | Reached XP level 10. HP: 62/91 MP: 7/7
  6623 | D:9      | Found a large runed translucent door.
  6626 | D:9      | Found a large runed translucent door.
  6626 | D:9      | Noticed a manticore
  6643 | D:9      | Found a large runed translucent door.
  6906 | D:9      | Noticed Prince Ribbit
  6920 | D:9      | Killed Prince Ribbit
  7046 | D:9      | Reached skill level 12 in Axes
  7102 | D:9      | Reached ***** piety under Makhleb
  7225 | D:9      | Found a large runed translucent door.
  7257 | D:9      | Noticed a two-headed ogre
  7265 | D:9      | Killed a two-headed ogre
  7268 | D:9      | Found the +2 pair of boots of the Assassin {Detection Stab+
                  | Stlth++}
  7313 | D:9      | Killed a manticore
  7313 | D:9      | Reached skill level 1 in Invocations
  7520 | D:9      | Reached skill level 13 in Axes
  7527 | D:9      | Reached XP level 11. HP: 99/99 MP: 8/10
  7782 | D:10     | Entered Level 10 of the Dungeon
  8190 | D:11     | Noticed an unseen horror
  8203 | D:11     | Killed an unseen horror
  8206 | D:11     | Found Adug's General Store.
  8210 | D:11     | Bought a +2 cloak for 198 gold pieces
  8458 | D:11     | Noticed Psyche
  8467 | D:11     | Killed Psyche
  8467 | D:11     | Reached skill level 14 in Axes
  8878 | D:12     | Found a staircase to the Orcish Mines.
  9104 | D:12     | Noticed Nergalle
  9120 | D:12     | Killed Nergalle
  9120 | D:12     | Reached skill level 5 in Invocations
  9231 | D:12     | Noticed a skeletal warrior
  9232 | D:12     | Noticed a skeletal warrior
  9232 | D:12     | Noticed a skeletal warrior
  9252 | D:12     | Killed a skeletal warrior
  9264 | D:12     | Killed a skeletal warrior
  9283 | D:12     | Killed a skeletal warrior
  9283 | D:12     | Reached skill level 15 in Axes
  9285 | D:12     | Noticed a skeletal warrior
  9304 | D:12     | Killed a skeletal warrior
  9462 | Orc:1    | Entered Level 1 of the Orcish Mines
  9774 | Orc:1    | Noticed an orc sorcerer
  9779 | Orc:1    | Killed an orc sorcerer
  9824 | Orc:1    | Reached XP level 12. HP: 101/106 MP: 13/13
  9906 | Orc:2    | Entered Level 2 of the Orcish Mines
  9966 | Orc:2    | Reached ****** piety under Makhleb
  9968 | Orc:2    | Reached skill level 16 in Axes
 10011 | Orc:2    | Found a roughly hewn altar of Beogh.
 10207 | Orc:2    | Found a roughly hewn altar of Beogh.
 10264 | Orc:2    | Noticed an orc high priest
 10272 | Orc:2    | Noticed an orc warlord
 10275 | Orc:2    | Slain by an orc warrior

Levels and vault maps discovered:
D:1:      dpeg_arrival_tiny_a, layout_basic
D:2:      layout_rooms, grunt_temple_overflow_order_and_chaos_2,
          kennysheep_generic_room_7, uniq_sigmund
D:3:      layout_loops_cross, minitemple, first_ration, serial_co_window_serial,
          co_window_of_opportunity_a, co_window_paths_a, co_window_corner_a,
          co_window_paths_a, co_window_corner_a, co_window_paths_b,
          co_window_paths_b, co_window_paths_a, co_window_corner_a,
          co_window_of_opportunity_c, co_window_corner_b, co_window_cross_3,
          co_window_of_opportunity_b, minmay_distorted
D:4:      layout_layer_cave, minmay_temple_entry_butterflies,
          lightli_ossuary_entry_decrepit_ruins
D:5:      layout_loops_cross, lemuel_coloured_pillars_altar,
          lemuel_crystal_altar, uniq_menkaure
D:6:      layout_basic, okawaru_metal_pillars_1_2, serial_shops, shop,
          minmay_ogre_servants
D:7:      layout_rooms, nicolae_ru_path_of_blood, serial_shops, shop
D:8:      layout_gridville, yredelemnul_forgotten_temple_becter,
          david_lair_shrubbed, blue_anna_alchemist [blue_anna_fruit_fields,
          blue_anna_fruit_fields]
D:9:      layout_stronghold, minmay_hollow_rounded_squares, uniq_prince_ribbit1
D:10:     layout_rooms, minmay_tree_intersection
D:11:     layout_roguey, serial_shops, shop, uniq_psyche
D:12:     layout_irregular_city, orc_0_dummy, uniq_nergalle
Temple:   oiseaux_autumnal_temple
Orc:1:    layout_caves, guppyfry_library_mini
Orc:2:    grunt_orc_community_town_hall, layout_caves,
          grunt_orc_community_big_house_1, grunt_orc_community_big_house_2,
          grunt_orc_community_house_2, grunt_orc_community_house_1,
          grunt_orc_community_house_1, grunt_orc_community_house_2,
          grunt_orc_community_house_2, grunt_orc_community_house_1

Skill      XL: |  1  2  3  4  5  6  7  8  9 10 11 12 |
---------------+-------------------------------------+-----
Fighting       | 3 4 5 6 |  6.7
Axes           | 3 4 5 6 7 9 11 13 15 16 | 16.2
Armour         | 4 5 7 |  7.7
Shields        | 4 5 6 7 8 |  8.3
Invocations    | 2 6 7 |  7.1

Action                   |  1- 3 |  4- 6 |  7- 9 | 10-12 || total
-------------------------+-------+-------+-------+-------++-------
Melee: War axe           |    83 |   232 |   482 |   216 ||  1013
       Broad axe         |       |       |       |   409 ||   409
Invok: Lesser Servant of |       |       |       |     2 ||     2
 Abil: Heal Wounds       |     1 |     3 |     6 |     2 ||    12
  Use: Potion            |     1 |     2 |       |       ||     3
       Scroll            |       |     9 |       |    13 ||    22
 Stab: Distracted        |       |       |       |     1 ||     1
  Eat: Chunk             |       |     5 |    13 |       ||    18
       Ration            |       |       |     1 |     3 ||     4
Armor: Scale mail        |    23 |       |       |       ||    23
       Chain mail        |    12 |   132 |   241 |   296 ||   681
Dodge: Dodged            |    35 |    55 |    94 |   145 ||   329
Block: Shield            |    38 |   146 |   208 |   372 ||   764
       Reflection        |       |       |       |     3 ||     3
